Map: Backwater LE

Players

iGiA (iAsonu)

  • Race: Zerg Zerg
  • League: Diamond
  • Spawn Location: 5:00

Scarlett - Winner!

  • Race: Zerg Zerg
  • League: Master
  • Spawn Location: 11:00

Event: WESG 2017 Haikou

VOD

Have the link to the VOD?

Description

Time

  • Played on: March 13, 2018, 4:47 a.m.
  • Length: 14:36

All games in this series

Show
View Real Time Build Order
Export as new Build Order

iGiA Zerg 

Build Orders: Hatch First 

Get SALT Encoding   

  12  0:01  Drone  
  13  0:12  Overlord  
  13  0:17  Drone  
  14  0:31  Drone x2  
  14  0:35  Drone  
  17  0:51  Hatchery  
  17  0:54  Drone  
  17  0:57  Drone  
  17  1:00  Extractor  
  17  1:13  Spawning Pool  
  17  1:17  Drone  
  17  1:19  Drone  
  18  1:28  Drone  
  19  1:39  Overlord  
  19  1:49  Drone  
  20  1:59  Queen  
  20  2:00  Zergling x2  
  23  2:02  Baneling Nest  
  23  2:07  Zergling x2  
  25  2:12  Zergling x2  
  25  2:15  Zergling x2  
  27  2:21  Zergling x2  
  28  2:29  Spine Crawler  
  28  2:30  Zergling x2  
  26  2:40  Evolution Chamber  
  24  2:46  Baneling  
  24  2:47  Baneling  
  24  2:50  Zergling x4  
  23  2:56  Zergling x2  
  23  2:57  Queen  
  24  3:00  Metabolic Boost  
  24  3:09  Zergling x2  
  25  3:23  Drone x2  
  26  3:35  Hatchery  
  26  3:38  Drone  
  26  3:43  Drone  
  27  3:49  Baneling x2  
  27  3:50  Drone  
  28  3:58  Drone  
  28  3:59  Evolution Chamber  
  28  4:06  Drone  
  29  4:10  Drone  
  30  4:18  Baneling  
  30  4:25  Overlord  
  30  4:36  Overlord  
  30  4:43  Queen  
  32  4:46  Drone x4  
  32  4:50  Drone  
  37  4:54  Drone x2  
  39  5:01  Drone  
  40  5:11  Drone x2  
  40  5:13  Drone  
  41  5:15  Lair  
  41  5:19  Drone x2  
  42  5:23  Extractor  
  42  5:24  Extractor x2  
  42  5:25  Drone x2  
  41  5:29  Drone  
  41  5:32  Drone  
  43  5:37  Drone  
  44  5:43  Drone  
  45  5:51  Drone x4  
  48  5:57  Overlord, Unknown  
  48  6:02  Hatchery  
  47  6:05  Drone x3  
  47  6:10  Drone  
  51  6:12  Overlord  
  51  6:18  Spire  
  51  6:21  Drone  
  51  6:28  Drone x3  
  51  6:29  Drone  
  55  6:35  Extractor  
  55  6:37  Drone x2  
  55  6:38  Overlord  
  55  6:39  Extractor  
  55  6:42  Drone x2  
  57  6:50  Overlord  
  57  6:53  Drone  
  58  6:55  Overseer  
  58  6:56  Overlord  
  58  7:05  Overlord  
  58  7:19  Unknown  
  58  7:24  Overlord  
  58  7:29  Mutalisk x2  
  58  7:30  Mutalisk x7  
  58  7:33  Zerg Flyer Armor Level 1  
  73  7:46  Mutalisk x2  
  73  7:49  Queen x2  
  71  7:57  Drone x6  
  75  8:03  Mutalisk  
  77  8:06  Zergling x2  
  77  8:08  Drone x2  
  80  8:13  Mutalisk  
  80  8:18  Mutalisk  
  84  8:22  Mutalisk  
  86  8:30  Mutalisk x3  
  86  8:33  Overlord  
  92  8:39  Mutalisk  
  94  8:43  Spine Crawler  
  94  8:47  Drone  
  94  8:48  Mutalisk, Unknown  
  94  8:49  Spine Crawler  
  95  8:59  Mutalisk x2  
  95  9:02  Spine Crawler  
  96  9:07  Mutalisk  
  101  9:16  Mutalisk x2  
  105  9:18  Overlord x2  
  105  9:26  Overlord  
  105  9:28  Overlord  
  105  9:35  Queen  
  105  9:37  Mutalisk x3  
  107  9:47  Mutalisk x2  
  107  9:53  Mutalisk  
  107  9:55  Overlord x2  
  107  9:56  Overseer  
  109  10:06  Mutalisk  
  109  10:11  Zergling x6  
  109  10:19  Zergling x12  
  109  10:21  Mutalisk  
  109  10:27  Mutalisk  
  110  10:33  Mutalisk x2  
  109  10:38  Zerg Flyer Weapons Level 1  
  109  10:42  Mutalisk  
  106  10:50  Hatchery, Mutalisk  
  107  10:59  Mutalisk  
  109  11:05  Queen  
  109  11:09  Mutalisk x2  
  108  11:19  Mutalisk  
  104  11:35  Mutalisk x3  
  102  11:51  Infestation Pit  
  86  12:09  Mutalisk x4  
  85  12:18  Roach Warren  
  85  12:19  Drone x5  
  85  12:20  Zerg Missile Weapons Level 1  
  90  12:25  Drone x9  
  99  12:33  Drone x3  
  102  12:37  Unknown x4  
  102  12:48  Overlord  
  102  12:52  Overlord  
  102  12:53  Overlord  
  102  12:58  Spine Crawler, Roach  
  102  12:59  Roach x7  
  102  13:00  Spine Crawler  
  116  13:06  Roach x2  
  116  13:09  Roach  
  116  13:10  Roach  
  122  13:21  Roach x6  
  122  13:23  Ravager x4  
  130  13:30  Roach x3  
  134  13:39  Roach x4  
  130  13:52  Overlord x2  
  93  14:05  Roach Warren  
Show
View Real Time Build Order
Export as new Build Order

Scarlett Zerg - Winner!

Build Orders: 1 Base Baneling Bust, Pool First 

Get SALT Encoding   

  12  0:00  Drone  
  13  0:12  Extractor  
  12  0:24  Spawning Pool  
  11  0:29  Drone  
  11  0:34  Drone  
  13  0:39  Drone  
  14  0:50  Overlord  
  14  1:10  Zergling x4  
  16  1:12  Zergling x2  
  16  1:14  Metabolic Boost  
  17  1:23  Zergling x2  
  18  1:31  Baneling Nest  
  17  1:33  Zergling x2  
  18  1:44  Zergling x2  
  19  1:51  Queen  
  21  1:57  Zergling x2  
  22  2:06  Overlord  
  22  2:15  Baneling x2  
  22  2:22  Baneling  
  22  2:27  Drone  
  22  2:28  Drone  
  23  2:50  Drone  
  23  2:51  Drone  
  20  3:00  Zergling x2  
  21  3:06  Hatchery, Drone  
  21  3:11  Zergling x2  
  22  3:14  Drone  
  23  3:22  Baneling x2  
  22  3:28  Queen  
  22  3:31  Drone  
  25  3:38  Zergling x4  
  25  3:40  Drone  
  28  3:47  Overlord  
  28  3:51  Baneling x2  
  28  3:54  Zergling x2  
  29  4:03  Drone  
  29  4:09  Drone x3  
  33  4:18  Drone  
  33  4:19  Drone  
  35  4:29  Drone x2  
  35  4:30  Queen  
  39  4:38  Lair  
  39  4:41  Drone  
  39  4:44  Drone  
  39  4:45  Drone  
  42  4:47  Drone  
  42  4:48  Drone  
  44  4:54  Overlord  
  44  4:55  Extractor x2  
  42  5:01  Drone x2  
  42  5:04  Overlord  
  44  5:12  Drone  
  44  5:13  Drone x2  
  42  5:17  Drone x2  
  44  5:25  Drone x3, Extractor  
  45  5:33  Drone  
  46  5:37  Spire  
  46  5:40  Drone x2  
  47  5:43  Overseer  
  47  5:45  Drone  
  47  5:49  Drone x2  
  50  5:51  Drone  
  50  5:55  Drone  
  52  5:59  Overlord  
  52  6:00  Drone  
  53  6:04  Drone  
  54  6:14  Drone  
  54  6:15  Overlord  
  54  6:16  Drone  
  56  6:19  Drone  
  56  6:22  Spine Crawler  
  56  6:28  Hatchery  
  55  6:44  Drone x3  
  55  6:45  Overlord  
  58  6:50  Evolution Chamber  
  58  6:51  Mutalisk x5  
  68  6:56  Mutalisk  
  68  7:00  Roach Warren  
  69  7:02  Mutalisk  
  71  7:10  Mutalisk x2  
  75  7:18  Unknown  
  75  7:30  Overlord  
  75  7:35  Mutalisk x2  
  77  7:48  Roach x2  
  77  7:49  Roach x7  
  93  7:58  Mutalisk x2  
  91  8:02  Extractor  
  91  8:04  Extractor, Overlord x3  
  93  8:13  Overlord  
  93  8:22  Overlord  
  93  8:25  Drone  
  93  8:26  Drone x5  
  99  8:30  Mutalisk  
  99  8:32  Zerg Flyer Armor Level 1  
  99  8:33  Mutalisk  
  103  8:41  Drone x5  
  108  8:42  Queen  
  108  8:44  Queen  
  112  8:56  Overlord  
  112  9:06  Drone x5, Overlord, Queen  
  112  9:09  Zerg Ground Armor Level 1  
  119  9:14  Mutalisk  
  119  9:15  Mutalisk x2  
  123  9:18  Drone x2  
  125  9:24  Queen  
  125  9:28  Drone x2  
  125  9:31  Spore Crawler  
  128  9:37  Mutalisk x2  
  128  9:38  Mutalisk  
  122  9:49  Drone  
  121  9:54  Queen  
  121  9:55  Spore Crawler  
  121  9:56  Overlord x2  
  121  9:57  Overlord x2, Spore Crawler  
  117  10:09  Spore Crawler  
  117  10:10  Mutalisk x3, Spore Crawler  
  115  10:23  Drone  
  115  10:24  Drone x9  
  123  10:31  Unknown  
  123  10:32  Infestation Pit  
  118  10:43  Corruptor x5  
  118  10:50  Zerg Flyer Weapons Level 1  
  118  10:54  Spore Crawler  
  117  11:02  Queen  
  117  11:03  Zerg Missile Weapons Level 1  
  119  11:10  Infestor x5  
  127  11:21  Spore Crawler  
  127  11:22  Spore Crawler  
  125  11:26  Unknown  
  119  11:41  Overlord  
  119  11:43  Hive  
  119  11:44  Roach x10  
  119  11:45  Roach, Glial Reconstitution  
  131  12:12  Corruptor x5  
  139  12:26  Overlord x2  
  139  12:28  Hatchery, Queen x2  
  142  12:31  Roach  
  142  12:32  Roach x7  
  158  12:39  Spore Crawler  
  157  12:50  Corruptor  
  159  12:52  Roach x6  
  171  13:02  Overlord x2  
  171  13:04  Queen  
  171  13:16  Roach x2  
  171  13:17  Roach  
  171  13:23  Overlord  
  169  13:31  Roach x3  
  169  13:32  Roach x4  
  183  13:39  Roach  
  183  13:40  Roach  
  181  13:45  Roach x2  
  183  13:51  Roach  
  183  13:52  Roach x5  
  189  13:57  Roach  
  189  14:00  Roach  
  183  14:05  Roach x2  
  183  14:07  Roach  
Tags
 
Add a new tag
Caveats
  • Supply blocks, unpowered buildings, or Contaminate may cause inaccurate times.
  • Supply counts are checked every 10 seconds.